 Dungeon Crawl Stone Soup version 0.28-a0-664-gc179e30c89 (webtiles) character file.

Game seed: 4579475340440235551

42644 voltaire321 the Fighter (level 13, 0/104 HPs)
             Began as a Demonspawn Cinder Acolyte on Oct 15, 2021.
             Was a High Priest of Ignis.
             Slain by a seven-headed hydra (1 damage)
             ... on level 6 of the Lair of Beasts on Oct 16, 2021.
             The game lasted 01:13:39 (21222 turns).

voltaire321 the Fighter (DsCA)                     Turns: 21222, Time: 01:13:40

Health: 0/104      AC: 19    Str: 17    XL:     13   Next: 86%
Magic:  23/23      EV:  9    Int: 15    God:    Ignis [*****.]
Gold:   279        SH: 16    Dex: 12    Spells: 20/26 levels left

rFire   + + +      SeeInvis .   K - +7 double sword (flame)
rCold   x . .      Faith    .   E - +2 tower shield
rNeg    . . .      Spirit   .   p - +0 fire dragon scales
rPois   +          Reflect  .   (helmet unavailable)
rElec   .          Harm     .   y - +2 cloak {rF+}
rCorr   .          Rampage  .   i - +1 pair of gloves
Will    .....                   j - +0 pair of boots
Stlth   ..........              v - amulet of regeneration
HPRegen 1.27/turn               d - ring of poison resistance
MPRegen 0.18/turn               u - +4 ring of slaying

@: very slow
A: horns 3, thin metallic scales 1, demonic guardian 2, foul stench 2
a: Renounce Religion, Sea of Fire, Foxfire Swarm, Rising Flame


You were on level 6 of the Lair of Beasts.
You worshipped Ignis.
Ignis was extremely pleased with you.
You visited 2 branches of the dungeon, and saw 16 of its levels.
You also visited: Volcano.

You collected 1103 gold pieces.
You spent 824 gold pieces at shops.

Inventory:

Hand Weapons
 a - a +0 falchion of venom
 x - the +6 whip of the Lair of Beasts {drain, rPois rC+ Str+4 Dex-5}
   (You found it on level 7 of the Dungeon)

   A truly terrible weapon, it drains the life of any living foe it strikes.
   Str:       It affects your strength (+4).
   Dex:       It affects your dexterity (-5).
   rC:        It protects you from cold.
   rPois:     It protects you from poison.
 K - a +7 double sword of flaming (weapon)
Missiles
 r - 3 throwing nets
 D - 2 curare-tipped darts (quivered)
Armour
 i - a +1 pair of gloves (worn)
 j - a +0 pair of boots (worn)
 n - a +2 cloak of stealth
 p - +0 fire dragon scales (worn)
 s - a +0 troll leather armour
 y - a +2 cloak of fire resistance (worn)
 E - a +2 tower shield (worn)
 L - the +2 cloak of Xuhop {Dex+3}
   (You bought it in a shop on level 1 of the Dungeon)

   Dex:       It affects your dexterity (+3).
Jewellery
 c - an amulet of magic regeneration
 d - a ring of poison resistance (left hand)
 l - an amulet of the acrobat
 u - a +4 ring of slaying (right hand)
 v - an amulet of regeneration (around neck)
 H - a +6 ring of dexterity
Wands
 h - a wand of flame (46)
 t - a wand of paralysis (17)
 A - a wand of charming (7)
 C - a wand of mindburst (8)
 Q - a wand of iceblast (11)
Scrolls
 b - 8 scrolls of identify
 e - 5 scrolls of teleportation
 m - 2 scrolls of fog
 I - 2 scrolls of enchant armour
 M - a scroll of blinking
 R - a scroll of enchant weapon
Potions
 f - 2 potions of brilliance
 g - 12 potions of curing
 k - 2 potions of might
 o - 2 potions of berserk rage
 q - 5 potions of ambrosia
 w - 5 potions of lignification {unknown}
 z - a potion of resistance
 B - a potion of cancellation
 F - a potion of magic
 G - 2 potions of haste
 J - a potion of flight {unknown}
 O - a potion of heal wounds
 S - a potion of mutation {unknown}


   Skills:
 + Level 10.5 Fighting
 + Level 9.6 Long Blades
 + Level 7.6 Armour
 + Level 9.2 Dodging
 + Level 7.0 Shields
 - Level 7.1 Spellcasting
 - Level 5.0 Conjurations
 + Level 9.5 Fire Magic


You had 20 spell levels left.
You knew the following spells:

 Your Spells              Type           Power      Damage    Failure   Level
a - Scorch                Fire           68%        2d8       14%         2
b - Flame Wave            Conj/Fire      27%        3d6       94%         4

Your spell library contained the following spells:

 Spells                   Type           Power      Damage    Failure   Level
 Foxfire                  Conj/Fire      100%       2x1d9     26%         1
 Magic Dart               Conj           80%        1d7       54%         1
 Conjure Flame            Conj/Fire      27%        6-21      58%         3
 Inner Flame              Hex/Fire       19%        N/A       91%         3
 Static Discharge         Conj/Air       12%        N/A       95%         2
 Apportation              Tloc           10%        N/A       99%         1
 Call Imp                 Summ           5%         N/A       100%        2
 Slow                     Hex            5%         N/A       100%        2
 Sublimation of Blood     Necr           2%         N/A       100%        2
 Wereblood                Tmut           5%         N/A       100%        2
 Confusing Touch          Hex            5%         N/A       100%        3
 Mephitic Cloud           Conj/Pois/Air  10%        N/A       100%        3
 Animate Armour           Summ/Erth      10%        N/A       100%        4
 Petrify                  Tmut/Erth      5%         N/A       100%        4
 Alistair's Intoxication  Tmut/Pois      3%         N/A       100%        5
 Blade Hands              Tmut           2%         N/A       100%        5
 Irradiate                Conj/Tmut      6%         3d16      100%        5
 Lightning Bolt           Conj/Air       6%         1d18      100%        5
 Yara's Violent Unravell  Hex/Tmut       2%         3d3       100%        5
 Invisibility             Hex            2%         N/A       100%        6
 Iron Shot                Conj/Erth      6%         9d2       100%        6
 Summon Cactus Giant      Summ           2%         N/A       100%        6
 Summon Hydra             Summ           2%         N/A       100%        7
 Maxwell's Capacitive Co  Air            2%         ∞         100%        8


Dungeon Overview and Level Annotations

Branches:
Dungeon (10/15)            Temple (0/1) D:6            Lair (6/6) D:10
 Shoals (0/4) Lair:4        Snake (0/4) Lair:4      Volcano (visited)
  Slime: Lair:5-6       Orc: D:9-12

Altars:
Cheibriados
Elyvilon
Makhleb
Nemelex Xobeh
Ru
Uskayaw
Xom
Yredelemnul
The Shining One

Shops:
D:1 !?([(   D:3 [   D:5 ?   D:9 !


Innate Abilities, Weirdness & Mutations

You have a pair of large horns on your head.
You are partially covered in thin metallic scales. (AC +2)
A demonic guardian rushes to your aid.
You sometimes emit foul miasma when damaged in melee.


Message History

You burn the seven-headed hydra. You headbutt the seven-headed hydra.
The seven-headed hydra is moderately wounded.
The seven-headed hydra bites you but does no damage.
The seven-headed hydra completely misses you.
The seven-headed hydra bites you! x2
You block the seven-headed hydra's attack.
The seven-headed hydra bites you but does no damage.
You block the seven-headed hydra's attack.
Your unstable footing causes you to fumble your attack.
You block the seven-headed hydra's attack.
The seven-headed hydra bites you but does no damage.
You block the seven-headed hydra's attack.
The seven-headed hydra bites you!
The seven-headed hydra closely misses you.
The seven-headed hydra bites you but does no damage.
The seven-headed hydra barely misses you.
The seven-headed hydra bites you!
A demonic guardian appears!
The seven-headed hydra bites you!
* * * LOW HITPOINT WARNING * * *
You emit a cloud of foul miasma!
You block the seven-headed hydra's attack.
The seven-headed hydra bites you!
* * * LOW HITPOINT WARNING * * *
The seven-headed hydra bites you!
* * * LOW HITPOINT WARNING * * *
You block the seven-headed hydra's attack.
The seven-headed hydra bites you but does no damage.
The seven-headed hydra is engulfed in dark miasma.
The seven-headed hydra is poisoned.
Your orange demon stings the seven-headed hydra!
The seven-headed hydra looks as sick as possible!
Your orange demon poisons the seven-headed hydra!
Your orange demon hits the seven-headed hydra.
The seven-headed hydra bites you but does no damage.
The seven-headed hydra bites you.
* * * LOW HITPOINT WARNING * * *
The seven-headed hydra bites you!
* * * LOW HITPOINT WARNING * * *
The seven-headed hydra bites you.
You die...

.. ##≈ P≈≈#### ..
≈≈≈≈≈≈≈≈.# ≈ .. #
#≈≈8≈≈≈#≈# ≈≈ ..
#≈ ≈≈≈≈≈≈≈≈#≈≈≈ ..
#.###≈≈#≈#≈≈≈≈≈≈
.. ≈≈≈≈≈≈≈≈≈≈≈≈≈y
.. ## ≈≈P≈≈#≈≈P#
..
≈#.≈≈##≈4#k≈≈##P≈
..
...≈.≈≈@D§y≈......
..
.#.#≈#≈###Y≈......
.# ## ##≈.#.... ##
### ... .. .


You could see a seven-headed hydra (extremely poisoned, ally target), an
elephant, a rime drake, a hornet and a friendly orange demon (summoned).

Vanquished Creatures
  A fire dragon (Volcano)
  A hydra (Lair:3)
  2 catoblepae
  A two-headed ogre (D:9)
  Urug (Lair:1)
  Pikel (D:6)
  A lindwurm (Volcano)
  A manticore (Lair:6)
  A salamander (Lair:4)
  3 elephants
  3 black mambas
  2 molten gargoyles (Volcano)
  18 cane toads
  9 komodo dragons
  A queen bee (Lair:3)
  2 trolls (D:10)
  4 wind drakes (Lair:6)
  10 blink frogs
  40 yaks
  A spriggan (Lair:1)
  Sigmund (D:3)
  5 wyverns
  A basilisk (Lair:1)
  15 fire bats
  2 wraiths
  3 steam dragons
  4 nagas (Lair:4)
  11 water moccasins
  3 hell hounds
  A sky beast (D:5)
  3 orc warriors
  2 ice beasts
  5 black bears
  3 ogres (D:5)
  8 wolves
  7 centaurs
  2 lemures (D:6)
  4 kobold brigands
  8 bullfrogs
  A gnoll sergeant (D:9)
  A wyvern zombie (D:8)
  4 scorpions
  2 water moccasin zombies
  18 killer bees
  5 wights (D:8)
  3 electric eels (D:10)
  9 lava snakes
  8 hounds
  4 orc priests
  Crazy Yiuf (D:3)
  2 iguanas
  Jessica (D:3)
  Terence (D:2)
  7 orc wizards
  5 hell rats (Lair:5)
  2 killer bee zombies
  Robin (D:2)
  A howler monkey zombie (D:8)
  4 gnolls
  9 adders
  A shadow imp (D:5)
  2 white imps
  2 ufetubi
  An adder skeleton (D:4)
  4 dart slugs
  19 orcs
  13 endoplasms
  4 giant cockroaches
  16 goblins
  4 hobgoblins
  4 jackals (D:1)
  29 kobolds
  4 quokkas
  6 ball pythons
  5 bats
  3 frilled lizards
  6 rats
403 creatures vanquished.

Vanquished Creatures (collateral kills)
  A dire elephant (Lair:6)
  An anaconda (Lair:5)
  A merfolk avatar (Lair:6)
  An elephant (Lair:3)
  3 black mambas
  A torpor snail (Lair:6)
  2 rime drakes (Lair:6)
  3 cane toads
  A komodo dragon (Lair:6)
  3 yaks (Lair:6)
  A fire bat (Volcano)
  A steam dragon (Lair:6)
  2 nagas (Lair:4)
  2 water moccasins
  An ice beast (D:6)
  A wolf (Lair:2)
  A lemure (D:6)
  A wyvern zombie (D:6)
  A killer bee (Lair:3)
  A jelly (D:6)
  An orc priest (D:8)
  2 hell rats (Lair:5)
  2 worms (D:1)
  2 orcs
  An endoplasm (D:1)
  A hobgoblin (D:3)
  A jackal (D:1)
  2 kobolds (D:8)
  A rat (D:1)
42 creatures vanquished.

Vanquished Creatures (others)
  2 orc wizards
  6 fungi
  54 plants
62 creatures vanquished.

Grand Total: 507 creatures vanquished

Notes
Turn   | Place    | Note
-------+----------+-------------------------------------------
     0 | D:1      | voltaire321 the Demonspawn Cinder Acolyte began the quest
                  | for the Orb.
     0 | D:1      | Reached XP level 1. HP: 18/18 MP: 2/2
     1 | D:1      | Found a runed translucent door.
   168 | D:1      | Found a faded altar of an unknown god.
   281 | D:1      | Found Uhat's Distillery.
   294 | D:1      | Gained mutation: A weak demonic guardian rushes to your
                  | aid. [demonic ancestry]
   294 | D:1      | Reached XP level 2. HP: 22/24 MP: 3/3
   365 | D:1      | Found Ryruligh's Antique Weapon Shop.
   460 | D:1      | Found Appipt's Antique Armour Shoppe.
   552 | D:1      | Found Beaceil's Antique Weapon Boutique.
   659 | D:1      | Found Maocuo's Magic Scroll Shoppe.
   861 | D:1      | Reached skill level 1 in Dodging
   956 | D:1      | Reached XP level 3. HP: 29/29 MP: 4/4
  2019 | D:2      | Learned a level 2 spell: Scorch
  2035 | D:2      | Gained mutation: You may rarely emit foul miasma when
                  | damaged in melee. [demonic ancestry]
  2035 | D:2      | Reached XP level 4. HP: 32/35 MP: 6/6
  2327 | D:2      | Reached skill level 1 in Armour
  2409 | D:2      | Noticed Robin
  2436 | D:2      | Killed Robin
  2624 | D:2      | Noticed Terence
  2640 | D:2      | Killed Terence
  3121 | D:3      | Reached XP level 5. HP: 12/41 MP: 7/7
  3505 | D:3      | Found a sparkling altar of Nemelex Xobeh.
  3853 | D:3      | Found Ruahumabb's Armour Shoppe.
  4060 | D:3      | Noticed Sigmund
  4534 | D:3      | Killed Sigmund
  4535 | D:3      | Gained mutation: You have a pair of small horns on your
                  | head. [demonic ancestry]
  4535 | D:3      | Reached XP level 6. HP: 36/48 MP: 9/9
  4684 | D:3      | Found a runed translucent door.
  4685 | D:3      | Noticed Crazy Yiuf
  4687 | D:3      | You fall into a shaft and drop 3 floors!
  4733 | D:6      | Reached skill level 4 in Fighting
  4908 | D:6      | Noticed an ice beast
  4923 | D:6      | Killed an ice beast
  5101 | D:6      | Reached XP level 7. HP: 22/54 MP: 11/11
  5645 | D:5      | Entered Level 5 of the Dungeon
  6113 | D:3      | Found a basalt altar of Yredelemnul.
  6156 | D:3      | Noticed Jessica
  6164 | D:3      | Killed Jessica
  6285 | D:3      | Paralysed by Crazy Yiuf for 2 turns
  6289 | D:3      | Killed Crazy Yiuf
  6513 | D:1      | Bought a potion of berserk rage for 55 gold pieces
  6513 | D:1      | Bought a potion of curing for 33 gold pieces
  6802 | D:3      | Gained mutation: You are partially covered in thin metallic
                  | scales. (AC +2) [demonic ancestry]
  6802 | D:3      | Reached XP level 8. HP: 29/61 MP: 10/13
  7317 | D:4      | Reached skill level 5 in Fighting
  7344 | D:4      | Found a hide-covered altar of Uskayaw.
  7916 | D:5      | Found Ytugoum's Magic Scroll Boutique.
  7972 | D:5      | Bought a scroll of teleportation for 42 gold pieces
  8693 | D:6      | Learned a level 4 spell: Flame Wave
  8896 | D:6      | Reached skill level 5 in Fire Magic
  8925 | D:6      | Reached skill level 5 in Long Blades
  9057 | D:6      | Noticed Pikel
  9115 | D:6      | Killed Pikel
  9116 | D:6      | Reached XP level 9. HP: 16/69 MP: 1/15
  9584 | D:6      | Found a staircase to the Ecumenical Temple.
  9973 | D:7      | Reached skill level 6 in Fighting
 10047 | D:7      | Identified the +6 whip of the Lair of Beasts {drain, rPois
                  | rC+ Str+4 Dex-5}
 10876 | D:8      | Reached skill level 5 in Spellcasting
 10909 | D:8      | Reached skill level 5 in Dodging
 11474 | D:8      | Reached skill level 5 in Armour
 11599 | D:8      | Gained mutation: You sometimes emit foul miasma when
                  | damaged in melee. [demonic ancestry]
 11599 | D:8      | Reached XP level 10. HP: 29/77 MP: 18/18
 12160 | D:8      | Reached skill level 1 in Conjurations
 12757 | D:9      | Found a burning altar of Makhleb.
 12757 | D:9      | Noticed a green death
 12827 | D:9      | HP: 3/61 [gnoll sergeant (7)]
 13376 | D:9      | Found a snail-covered altar of Cheibriados.
 13407 | D:9      | Noticed a two-headed ogre
 13430 | D:9      | Killed a two-headed ogre
 13431 | D:9      | Reached skill level 7 in Fighting
 13431 | D:9      | Reached skill level 1 in Shields
 14065 | D:9      | Found Caciudus's Distillery.
 14121 | D:10     | Entered Level 10 of the Dungeon
 14706 | D:10     | Found a staircase to the Lair.
 15000 | D:10     | Found a sacrificial altar of Ru.
 15004 | D:10     | Found a shimmering altar of Xom.
 15069 | Lair:1   | Entered Level 1 of the Lair of Beasts
 15069 | Lair:1   | Noticed a cane toad
 15079 | Lair:1   | Killed a cane toad
 15090 | Lair:1   | Found a dark tunnel.
 15097 | Lair:1   | Gained mutation: You have a pair of horns on your head.
                  | [demonic ancestry]
 15097 | Lair:1   | Reached XP level 11. HP: 51/84 MP: 20/20
 15109 | Volcano  | Entered a volcano
 15307 | Volcano  | Found a radiant altar of Vehumet.
 15307 | Volcano  | Noticed a lindwurm
 15325 | Volcano  | Killed a lindwurm
 15381 | Volcano  | Noticed a fire dragon
 15396 | Volcano  | Killed a fire dragon
 15543 | Volcano  | Reached skill level 8 in Fighting
 16277 | Lair:1   | Noticed Urug
 16295 | Lair:1   | Killed Urug
 16677 | Lair:2   | Reached skill level 5 in Conjurations
 16677 | Lair:2   | Gained mutation: You have a pair of large horns on your
                  | head. [demonic ancestry]
 16677 | Lair:2   | Reached XP level 12. HP: 66/94 MP: 22/22
 16704 | Lair:2   | Noticed a catoblepas
 16723 | Lair:2   | Killed a catoblepas
 16854 | Lair:2   | HP: 4/94 [wolf (6)]
 17238 | D:1      | Bought a transparent cloak for 218 gold pieces
 17238 | D:1      | Identified the +2 cloak of Xuhop {Dex+3} (You bought it in
                  | a shop on level 1 of the Dungeon)
 17291 | D:1      | Bought a scroll of blinking for 90 gold pieces
 17291 | D:1      | Bought a scroll of brand weapon for 240 gold pieces
 17291 | D:1      | Bought a scroll of teleportation for 36 gold pieces
 17323 | D:1      | Bought 2 potions of heal wounds for 110 gold pieces
 18104 | Lair:3   | Noticed a four-headed hydra
 18112 | Lair:3   | Killed a one-headed hydra
 18113 | Lair:3   | Reached skill level 9 in Fighting
 18113 | Lair:3   | Reached skill level 5 in Shields
 18979 | Lair:4   | Gained mutation: A demonic guardian rushes to your aid.
                  | [demonic ancestry]
 18979 | Lair:4   | Reached XP level 13. HP: 75/101 MP: 23/23
 19067 | Lair:4   | Found a staircase to the Shoals.
 19318 | Lair:4   | Found a staircase to the Snake Pit.
 19863 | Lair:5   | Identified the +3 arbalest of the Traitor {venom, SInv}
 20166 | Lair:5   | Reached skill level 10 in Fighting
 20779 | Lair:6   | Entered Level 6 of the Lair of Beasts
 20864 | Lair:6   | Noticed a dire elephant
 20886 | Lair:6   | Killed a dire elephant
 21222 | Lair:6   | HP: 1/104 [seven-headed hydra (12)]
 21222 | Lair:6   | Slain by a seven-headed hydra

Illustrated notes

Levels and vault maps discovered:
D:1:      dpeg_arrival_caged_fury, layout_basic, serial_shops,
          nicolae_diamond_shop, nicolae_shop_crystal, shop_fountains,
          nicolae_lakefront_shop, nicolae_lakefront_shop,
          shapermc_ecumenical_altar_acropolis
D:2:      layout_basic, minmay_misc_feat_plants, uniq_terence, uniq_robin
D:3:      layout_basic, kennysheep_ying_yang, lemuel_doored_altar, serial_shops,
          shop, uniq_crazy_yiuf_cottage, uniq_sigmund, uniq_jessica
D:4:      layout_rooms, lemuel_round_altar, serial_park_tiny_pond
D:5:      layout_basic, general_overflow_altar, serial_shops,
          nicolae_shop_statue_plus, minivault_26
D:6:      layout_basic, minmay_temple_entry_glassed_door, uniq_pikel
D:7:      layout_layer_cave
D:8:      layout_basic, serial_glass, glass_columns_a, glass_columns_c
D:9:      layout_basic, makhleb_altar_promises_db, kennysheep_mini,
          serial_shops, nicolae_square_shop, chequers_serial_rivers_micro_a
D:10:     layout_rooms, minitemple, erik_lair_island
Lair:1:   layout_regular_city, enter_volcano_3, chequers_serial_rivers_small_a,
          grunt_forest_large_clearing_hut, uniq_urug
Lair:2:   layout_gridlike, patterned_corridor, lemuel_fruit_fields
Lair:3:   layout_cave_pods, special_room [special_room_bee]
Lair:4:   layout_gridlike, minmay_shoals_entry_centaurs,
          minmay_snake_entry_guardpost_large, beast_lair_carwin_5
Lair:5:   beast_lair_carwin_large_2, layout_small_grid, grunt_megastairs_3,
          serial_bayou_shore_b
Lair:6:   gammafunk_lair_ancient_temple, layout_big_grid, slime_altar_1

Skill      XL: |  1  2  3  4  5  6  7  8  9 10 11 12 13 |
---------------+----------------------------------------+-----
Dodging        | 1 2 3 4 5 6 7 8 9 |  9.2
Fire Magic     | 3 4 5 6 7 8 9 |  9.5
Long Blades    | 3 4 5 6 7 8 9 |  9.6
Armour         | 1 2 3 4 5 6 7 |  7.6
Spellcasting   | 2 3 4 5 6 7 |  7.1
Fighting       | 4 5 6 7 8 9 10 | 10.5
Conjurations   | 3 5 |  5.0
Shields        | 2 4 5 7 |  7.0

Action                   |  1- 3 |  4- 6 |  7- 9 | 10-12 | 13-15 || total
-------------------------+-------+-------+-------+-------+-------++-------
Melee: Falchion          |   110 |   191 |   398 |   435 |       ||  1134
       Headbutt          |       |    10 |    67 |   118 |    43 ||   238
       Double sword      |       |       |       |   201 |   208 ||   409
Throw: Dart              |       |       |       |     1 |       ||     1
 Cast: Scorch            |       |     3 |    25 |    16 |       ||    44
  Use: Scroll            |     2 |     1 |     6 |    14 |     6 ||    29
       Potion            |       |     1 |       |     5 |     1 ||     7
 Stab: Distracted        |       |     2 |     2 |       |       ||     4
       Sleeping          |       |       |     5 |       |       ||     5
Armor: Leather armour    |    34 |    57 |   151 |    67 |       ||   309
       Robe              |     3 |       |       |       |       ||     3
       Troll leather arm |       |       |       |   130 |       ||   130
       Fire dragon scale |       |       |       |   195 |   157 ||   352
Dodge: Dodged            |    80 |    94 |   253 |   548 |   111 ||  1086
Block: Tower shield      |       |       |       |   277 |   247 ||   524

Table legend: (Time is in decaauts)
 A = Elapsed time spent in this place.
 B = Non-inter-level travel time spent in this place.
 C = Inter-level travel time spent in this place.
 D = Time resting spent in this place.
 E = Time spent auto-exploring this place.
 F = Levels seen in this place.
 G = Mean time per level.
                   A        B        C        D        E       F      G
               +--------+--------+--------+--------+--------+-----+--------+
         Total |  21528 |  20571 |    957 |   7016 |   8322 |  17 | 1266.4 |
       Dungeon |  15646 |  14758 |    888 |   6175 |   5451 |  10 | 1564.6 |
          Lair |   5329 |   5260 |     69 |    678 |   2870 |   6 |  888.2 |
       Volcano |    552 |    552 |      0 |    163 |      0 |   1 |  552.0 |
               +--------+--------+--------+--------+--------+-----+--------+

Top non-repeatable levels by time:
     D:6: 2329 daAuts
     D:8: 1988 daAuts
     D:3: 1883 daAuts
     D:1: 1858 daAuts
     D:2: 1840 daAuts
     D:9: 1428 daAuts
     D:5: 1426 daAuts
  Lair:5: 1297 daAuts
  Lair:1: 1041 daAuts
     D:4: 1012 daAuts
    D:10: 985 daAuts
  Lair:2: 931 daAuts
  Lair:3: 898 daAuts
     D:7: 892 daAuts
  Lair:4: 864 daAuts
